 Dungeon Crawl Stone Soup version 0.31-a0-824-ge5246a80f4 (webtiles) character file.

Game seed: 4996644123099780572

52 qw the Shooter (level 3, 0/23 HPs)
             Began as a Gargoyle Hunter on Sept 23, 2023.
             Slain by an adder (2 damage)
             ... on level 2 of the Dungeon.
             The game lasted 00:00:31 (1144 turns).

qw the Shooter (Gargoyle Hunter)                    Turns: 1144, Time: 00:00:31

Health: 0/23       AC:  7    Str: 14    XL:     3   Next: 85%
Magic:  3/3        EV: 11    Int:  9    God:
Gold:   64         SH:  5    Dex: 15    Spells: 2/2 levels left

rFire   . . .        Y - +0 shortbow
rCold   . . .        (shield currently unavailable)
rNeg    + + .        c - +0 leather armour
rPois   inf          (no helmet)
rElec   +            j - +0 cloak
rCorr   .            (no gloves)
SInv    .            (no boots)
Will    .....        l - amulet of reflection
Stlth   ++           g - ring of positive energy
HPRegen 0.23/turn    (no ring)
MPRegen 0.08/turn

%: reflection
@: about to teleport
A: sickness immunity, AC +3, negative energy resistance 1, electricity
resistance, torment resistance 1, petrification resistance
a: no special abilities


You were on level 2 of the Dungeon.
You visited 1 branch of the dungeon, and saw 2 of its levels.

You collected 64 gold pieces.


Innate Abilities, Weirdness & Mutations

You are immune to sickness and miasma.
Your stone body is resilient. (AC +3)
You are immune to poison.
You resist negative energy. (rN+)
You are resistant to electric shocks. (rElec)
You are resistant to unholy torment.
You are immune to petrification.


   Skills:
 - Level 3.0 Fighting
 + Level 5.0 Ranged Weapons
 - Level 1.5 Dodging
 - Level 1.1 Stealth


You had 2 spell levels left.
You didn't know any spells.
Your spell library was empty.

Inventory:

Hand Weapons
 Y - a +0 shortbow (weapon)
Armour
 c - a +0 leather armour (worn)
 j - a +0 cloak (worn)
Jewellery
 g - a ring of positive energy (left hand)
 i - a ring of fire
 l - an amulet of reflection (around neck)
Wands
 d - a wand of digging (6)
Scrolls
 a - a scroll of fog {unknown}
Potions
 b - 2 potions of lignification {unknown}
 e - a potion of haste {unknown}
 h - 3 potions of curing
 k - a potion of might {unknown}

Dungeon Overview and Level Annotations

Branches:
Dungeon (2/15)

Altars:

Annotations:
D:2 Terence


Message History

Terence bares his teeth.
You shoot an arrow. The arrow barely misses the adder.
The arrow hits Terence.
Terence is lightly wounded.
You shoot an arrow. The arrow barely misses the adder.
The arrow completely misses Terence.
You shoot an arrow. The arrow hits the adder!
The adder is severely wounded.
You block the adder's attack.
You shoot an arrow. The arrow barely misses the adder.
The arrow hits Terence but does no damage.
Terence is lightly wounded.
The adder bites you but does no damage. The adder closely misses you.
You shoot an arrow. The arrow closely misses the adder.
You block the adder's attack. The adder bites you.
You shoot an arrow. The arrow closely misses the adder.
The adder bites you but does no damage.
You shoot an arrow. The arrow closely misses the adder.
The adder bites you. You block Terence's attack. The adder closely misses you.
You shoot an arrow. The arrow closely misses the adder.
Terence barely misses you. You block the adder's attack. Terence misses you.
You shoot an arrow. The arrow barely misses the adder.
The adder bites you but does no damage. Terence hits you but does no damage.
The adder bites you but does no damage.
You shoot an arrow. The arrow misses the adder.
The adder bites you but does no damage. Terence hits you with a +0 mace.
You shoot an arrow. The arrow misses the adder.
You block the adder's attack.
Terence says, "Time to say good-bye..."
Terence hits you with a +0 mace.
You shoot an arrow. The arrow closely misses the adder.
You block the adder's attack. Terence hits you with a +0 mace!
The adder bites you.
1143 ||| READING scroll of teleportation.
As you read the scroll of teleportation, it crumbles to dust.
You feel strangely unstable. The adder bites you but does no damage.
Terence hits you with a +0 mace.
You shoot an arrow. The arrow closely misses the adder.
The adder bites you but does no damage. Terence barely misses you.
The adder bites you.
You die...

..........#...........#.#
........#.#.#########.#.#
........#.#.# #.#.#
........#.#.# #.#.#
#######.#.#.# #.#.#
<.........#.. #.#.#
..........####### #.#.#
...%.........%... ..#.#
........@######## #.#
........@S......
................
................
...............
...............
########....... .......


You could see Terence and an adder.

Vanquished Creatures
  A worm (D:2)
  A dart slug (D:2)
  6 bats
  10 endoplasms
  A giant cockroach (D:1)
  2 goblins (D:1)
  5 hobgoblins
  2 quokkas (D:1)
  3 ball pythons
  A frilled lizard (D:1)
  6 kobolds
  2 rats
40 creatures vanquished.

Notes
Turn   | Place    | Note
-------+----------+-------------------------------------------
     0 | D:1      | qw the Gargoyle Hunter began the quest for the Orb.
     0 | D:1      | Reached XP level 1. HP: 12/12 MP: 1/1
     0 | D:1      | 0 ||| qw: Version: 0.3-a-83-gcd0e7d8
     0 | D:1      | 0 ||| qw: Game counter: 1776
     0 | D:1      | 0 ||| qw: Melee chars always use a shield: true
     0 | D:1      | 0 ||| qw: God list: Okawaru
     0 | D:1      | 0 ||| qw: Allow faded altars: false
     0 | D:1      | 0 ||| qw: Do Orc after clearing Dungeon:15 true
     0 | D:1      | 0 ||| qw: Do second Lair branch before Depths: true
     0 | D:1      | 0 ||| qw: Lair rune preference: random
     0 | D:1      | 0 ||| qw: Goals: Normal
     0 | D:1      | 0 ||| PLANNING D:1-11
   262 | D:1      | Reached XP level 2. HP: 17/17 MP: 2/2
   428 | D:1      | 428 ||| Stepping ~*~*~tactically~*~*~ (water).
   531 | D:1      | Reached XP level 3. HP: 21/21 MP: 3/3
   551 | D:1      | Reached skill level 5 in Ranged Weapons
   788 | D:1      | 788 ||| UPGRADING to +0 cloak.
   793 | D:1      | 793 ||| UPGRADING to amulet of reflection.
   798 | D:1      | 798 ||| UPGRADING to ring of positive energy.
   799 | D:1      | 799 ||| READING scroll labelled QOLADUD RISSOORA.
   900 | D:1      | 900 ||| READING 2 scrolls labelled BAOQUJ VIYG.
   903 | D:1      | 903 ||| DRINKING 2 brown potions.
   904 | D:1      | 904 ||| DROPPING scroll of butterflies.
  1123 | D:2      | Reached skill level 3 in Fighting
  1129 | D:2      | Noticed Terence
  1142 | D:2      | HP: 3/23 [Terence/+0 mace (8)]
  1143 | D:2      | 1143 ||| READING scroll of teleportation.
  1144 | D:2      | Slain by an adder

Levels and vault maps discovered:
D:1:      minmay_arrival_widening_spiral_narrow, layout_rooms,
          serial_bayou_pond_c, minmay_hexomino_c4
D:2:      layout_basic, uniq_terence

Skill      XL: |  1  2  3 |
---------------+----------+-----
Ranged Weapons | 5 |  5.0
Fighting       | 3 |  3.0
Dodging        | |  1.5
Stealth        | |  1.1

Action                     || total
---------------------------++-------
   Fire: Shortbow          ||   119
    Use: Scroll            ||     3
         Potion            ||     1
 Armour: Leather armour    ||    36
  Dodge: Dodged            ||    19
  Block: Other             ||     8

Table legend:
 A = Non-vault XP
 B = Vault XP
 C = Vault XP percentage of total XP
 D = Non-vault monster count
 E = Vault monster count
 F = Vault count percentage of total count
                 A         B        C        D         E       F
            +---------+---------+-------+---------+---------+-------
      Total |      64 |      11 |  14.7 |      33 |       7 |  17.5
            +---------+---------+-------+---------+---------+-------
        D:1 |      38 |      11 |  22.4 |      22 |       7 |  24.1
        D:2 |      26 |       0 |   0.0 |      11 |       0 |   0.0
            +---------+---------+-------+---------+---------+-------
